 Dungeon Crawl Stone Soup version 0.31-a0-187-gba352fbbf7 (webtiles) character file.

Game seed: 18377467726381863834

262584 sastreii the Phalangite (level 19, -7/157 HPs)
             Began as a Merfolk Gladiator on June 22, 2023.
             Was an Initiate of Yredelemnul.
             Mangled by an ironbound frostheart simulacrum (33 damage)
             ... animated by a necromancer
             ... on level 1 of the Vaults on June 23, 2023.
             The game lasted 01:31:22 (30300 turns).

sastreii the Phalangite (Merfolk Gladiator)        Turns: 30300, Time: 01:31:23

Health: -7/157     AC: 23    Str: 24    XL:     19   Next: 99%
Magic:  24/29      EV: 23    Int:  5    God:    Yredelemnul [......]
Gold:   3057       SH:  0    Dex: 19    Spells: 18/18 levels left

rFire   . . .        t - +6 glaive "Gicafow" {freeze, SInv}
rCold   . . .        (shield currently unavailable)
rNeg    . . .        P - +5 ring mail of Botzub {Regen+ Str+3}
rPois   .            c - +0 helmet
rElec   .            m - +2 cloak {Will+}
rCorr   .            X - +2 pair of gloves {Dex+3}
SInv    +            u - +2 pair of boots
Will    ++++.        O - necklace of Bloodlust {Fury *Rage Will++ Int-3 Slay+6}
Stlth   ++++         v - +4 ring of slaying
HPRegen 1.26/turn    A - +4 ring of slaying
MPRegen 0.21/turn

%: random rage (50%)
@: on berserk cooldown, studying Summonings
A: (nimble swimmer 2), mertail
}: 2/15 runes: decaying, gossamer
a: Renounce Religion, Recall Undead Harvest


You were on level 1 of the Vaults.
You worshipped Yredelemnul.
Yredelemnul was pleased with you.
You visited 8 branches of the dungeon, and saw 35 of its levels.
You also visited: Bailey.

You collected 4196 gold pieces.
You spent 1139 gold pieces at shops.

Inventory:

Hand Weapons
 t - the +6 glaive "Gicafow" (weapon) {freeze, SInv}
   (You acquired it on level 3 of the Dungeon)

   SInv:      It lets you see invisible.
Missiles
 d - 3 throwing nets (quivered)
Armour
 a - the scarf of Saanosh {+Inv, -Tele rF+ Str+7 SInv}
   (You acquired it on level 3 of the Dungeon)

   Str:       It affects your strength (+7).
   rF:        It protects you from fire.
   SInv:      It lets you see invisible.
   -Tele:     It prevents most forms of teleportation.
 c - a +0 helmet (worn)
 k - a +4 scale mail
 m - a +2 cloak of willpower (worn)
 u - a +2 pair of boots (worn)
 J - the +2 acid dragon scales "Sanevacs" {rF+ rCorr SInv Stlth-}
   (You took it off a deep elf sorcerer on level 3 of the Elven Halls)

   rF:        It protects you from fire.
   SInv:      It lets you see invisible.
   rCorr:     It protects you from acid and corrosion.
   Stlth:     It makes you less stealthy.
 K - a +2 cloak of poison resistance
 P - the +5 ring mail of Botzub (worn) {Regen+ Str+3}
   (You found it on level 4 of the Swamp)

   Str:       It affects your strength (+3).
   Regen:     It increases your rate of health regeneration.
 X - a +2 pair of gloves of dexterity (worn)
Jewellery
 b - a ring of protection from cold
 r - an amulet of regeneration
 v - a +4 ring of slaying (left hand)
 A - a +4 ring of slaying (right hand)
 I - the ring of Foseurej {Fly Str+2 Int+3 Stlth-}
   (You took it off a deep elf high priest on level 3 of the Elven Halls)

   [ring of flight]

   Str:       It affects your strength (+2).
   Int:       It affects your intelligence (+3).
   Fly:       It grants you flight.
   Stlth:     It makes you less stealthy.
 L - a ring of poison resistance
 N - the amulet of Fulic {Spirit rN+ SInv}
   (You took it off a spriggan druid on level 3 of the Swamp)

   [amulet of guardian spirit]

   It causes incoming damage to be divided between your reserves of health and
   magic.
   rN:        It protects you from negative energy.
   SInv:      It lets you see invisible.
 O - the necklace of Bloodlust (around neck) {Fury *Rage Will++ Int-3 Slay+6}
   (You took it off a deep elf high priest on level 3 of the Elven Halls)

   [amulet of nothing]

   Fury:      It extends the wearer's berserk rage when killing foes.
   Int:       It affects your intelligence (-3).
   Slay:      It affects your accuracy & damage with ranged weapons and melee
   (+6).
   *Rage:     It berserks you when you make melee attacks (+50% chance).
   Will:      It greatly increases your willpower.
Wands
 F - a wand of light (9)
 H - a wand of iceblast (19)
 R - a wand of digging (18)
 Y - a wand of paralysis (23)
Scrolls
 e - 5 scrolls of fear
 i - a scroll of silence
 j - 4 scrolls of blinking
 s - 6 scrolls of poison
 x - 5 scrolls of immolation
 y - 3 scrolls of enchant weapon
 z - 14 scrolls of teleportation
 C - 6 scrolls of fog
 D - 5 scrolls of torment
 E - 2 scrolls of enchant armour
 M - 5 scrolls of revelation
 S - 4 scrolls of vulnerability
 T - a scroll of brand weapon
Potions
 f - 17 potions of curing
 g - 6 potions of ambrosia
 h - 2 potions of berserk rage
 l - 4 potions of heal wounds
 n - 2 potions of invisibility
 o - 3 potions of might
 p - 11 potions of enlightenment
 q - 3 potions of resistance
 w - 3 potions of cancellation
 B - 5 potions of mutation
 G - 4 potions of haste
 U - 2 potions of magic
Miscellaneous
 V - a box of beasts
 Z - a phial of floods


   Skills:
 + Level 16.0 Fighting
 * Level 24.6 Polearms
 - Level 2.0 Throwing
 - Level 9.5 Armour
 + Level 18.7 Dodging
 + Level 9.4 Stealth
 + Level 13.7 Invocations
 + Level 12.7 Evocations


You had 18 spell levels left.
You didn't know any spells.
Your spell library contained the following spells:

 Spells                   Type           Power      Damage    Failure   Level
 Freeze                   Ice            0%         1d3       58%         1
 Necrotise                Necr           0%         1d4       58%         1
 Sandblast                Erth           0%         2d4       58%         1
 Shock                    Conj/Air       0%         1d3       58%         1
 Slow                     Hex            0%         N/A       58%         1
 Cigotuvi's Dreadful Rot  Necr/Pois/Air  0%         N/A       75%         2
 Ensorcelled Hibernation  Hex/Ice        0%         N/A       75%         2
 Passwall                 Tmut/Erth      0%         N/A       75%         2
 Sublimation of Blood     Necr           0%         N/A       75%         2
 Wereblood                Tmut           0%         N/A       75%         2
 Confusing Touch          Hex            0%         N/A       92%         3
 Frozen Ramparts          Ice            0%         1d1       92%         3
 Hailstorm                Conj/Ice       0%         3d3       92%         3
 Ozocubu's Armour         Ice            0%         N/A       92%         3
 Spider Form              Tmut/Pois      0%         N/A       92%         3
 Stone Arrow              Conj/Erth      0%         3d7       92%         3
 Swiftness                Air            0%         N/A       92%         3
 Vampiric Draining        Necr           0%         2d6       92%         3
 Airstrike                Air            0%         2d(0-16)  100%        4
 Anguish                  Hex/Necr       0%         N/A       100%        4
 Agony                    Necr           0%         N/A       100%        5
 Fireball                 Conj/Fire      0%         3d3       100%        5
 Iskenderun's Battlesphe  Conj           0%         2d6       100%        5
 Metabolic Englaciation   Hex/Ice        0%         N/A       100%        5
 Conjure Ball Lightning   Conj/Air       0%         3x3d6     100%        6
 Haunt                    Necr/Summ      0%         N/A       100%        7
 Malign Gateway           Summ/Tloc      0%         N/A       100%        7
 Orb of Destruction       Conj           0%         9d5       100%        7
 Ozocubu's Refrigeration  Ice            0%         4d7       100%        7
 Summon Hydra             Summ           0%         N/A       100%        7
 Borgnjor's Revivificati  Necr           0%         N/A       100%        8
 Discord                  Hex            0%         N/A       100%        8
 Disjunction              Tloc           0%         N/A       100%        8
 Necromutation            Tmut/Necr      0%         N/A       100%        8
 Summon Horrible Things   Summ           0%         N/A       100%        8
 Death's Door             Necr           0%         N/A       100%        9
 Polar Vortex             Ice            0%         N/A       100%        9
 Simulacrum               Ice/Necr       Unusable   N/A       N/A         6

Dungeon Overview and Level Annotations

Branches:
Dungeon (15/15)            Temple (1/1) D:6            Lair (5/5) D:8
  Swamp (4/4) Lair:2       Spider (4/4) Lair:3        Slime (0/5) Lair:5
    Orc (2/2) D:11            Elf (3/3) Orc:2        Vaults (1/5) D:14
 Depths (0/4) D:15         Bailey (visited)

Altars:
Ashenzari
Cheibriados
Dithmenos
Elyvilon
Fedhas
Gozag
Hepliaklqana
Kikubaaqudgha
Makhleb
Nemelex Xobeh
Okawaru
Qazlal
Ru
Sif Muna
Trog
Uskayaw
Vehumet
Wu Jian
Xom
Yredelemnul
Zin
The Shining One
Jiyva
Lugonu

Shops:
D:3 ?   D:7 [   Orc:2 =![!=   Elf:1 *   Vaults:1 *

Portals:
Abyss: Swamp:4

Annotations:
D:13 3 runed translucent doors, Reshi88's ghost, journeyman FoFi; Thantalas's ghost, journeyman GnEE
Lair:5 3 runed translucent doors, KimchiStew's ghost, journeyman HuHu
Elf:2 3 runed translucent doors


Innate Abilities, Weirdness & Mutations

((You are very nimble when in or above water. (Stealth+, EV+, Speed+++)))
Your lower body shifts to a powerful aquatic tail in water.


Message History

The great orb of eyes completely misses you.
The necromancer mumbles some strange words.
The necromancer binds the souls of nearby monsters.
The ironbound frostheart simulacrum closely misses you.
You slice the great orb of eyes!! You freeze the great orb of eyes.
You kill the great orb of eyes!
A freezing mist starts to gather...
A great orb of eyes simulacrum comes into view.
The ice encasing you melts away.
The necromancer gestures wildly while chanting.
The necromancer binds the souls of nearby monsters.
The ironbound frostheart simulacrum closely misses you.
You cut the yaktaur captain simulacrum into ribbons!!!
The yaktaur captain simulacrum vaporises!
The necromancer closely misses you.
You slice the necromancer!! You freeze the necromancer!
The necromancer is severely wounded.
The ironbound frostheart simulacrum closely misses you.
You slice the necromancer!! You freeze the necromancer.
You kill the necromancer!
You slash the great orb of eyes simulacrum!
The great orb of eyes simulacrum is heavily damaged.
The great orb of eyes simulacrum bites you!
The great orb of eyes simulacrum freezes you!!
* * * LOW HITPOINT WARNING * * *
The ironbound frostheart simulacrum barely misses you.
You slash the great orb of eyes simulacrum!
The great orb of eyes simulacrum is severely damaged.
The ironbound preserver simulacrum hits you!
* * * LOW HITPOINT WARNING * * *
The ironbound preserver simulacrum freezes you!!
* * * LOW HITPOINT WARNING * * *
You feel much better.
An ironbound preserver comes into view.
It is wielding a +0 great mace and wearing the ring "Verek" {rC+ Str+6}.
The great orb of eyes simulacrum bites you but does no damage.
The ironbound frostheart simulacrum hits you.
* * * LOW HITPOINT WARNING * * *
The ironbound frostheart simulacrum freezes you!!
You die...
Your body rises from the dead as a mindless zombie.

#+#'''#'#.#
#.....#..'..#
..#..p..#..
##§+p#+#.'p##
#p§#.p+..#..# ####
#Z§+.p#.....# #..#
#@#§#)+.#)#'###.Z#
#ZZ..)#ZZ)Z.#..#'#
#§§#.)+..#..'..#.Z
####)###########+#
.pG# #..' ..Z.)#
#..# ###+### ####
.. # #. #


You could see an ironbound preserver, a great orb of eyes simulacrum, an
ironbound preserver simulacrum and an ironbound frostheart simulacrum.

Vanquished Creatures
  Nikola (Spider:4)
  A tentacled monstrosity (Vaults:1)
  A deep elf blademaster (Elf:3)
  A thorn hunter (Swamp:3)
  An azure jelly (Swamp:4)
  4 deep elf sorcerers (Elf:3)
  An emperor scorpion (Spider:4)
  A ghost moth (Spider:4)
  The ghost of esper6 the Thaumaturge, a journeyman GnNe of Cheibriados (Swamp:1)
  2 vault wardens (Vaults:1)
  3 deep elf elementalists (Elf:3)
  3 ironbound preservers (Vaults:1)
  2 ironbound thunderhulks (Vaults:1)
  The ghost of Koushar the Spry, a journeyman FeTm of Gozag (Spider:3)
  3 eleionomae (Swamp:3)
  2 deep elf demonologists
  3 deep elf annihilators (Elf:3)
  3 bunyips
  3 spark wasps (Spider:4)
  4 deep elf death magi
  3 great orbs of eyes (Vaults:1)
  2 yaktaur captains (Vaults:1)
  5 entropy weavers
  4 deep elf high priests (Elf:3)
  A shambling mangrove (Swamp:1)
  2 vault guards (D:14)
  5 ghost crabs
  8 hydras
  An ice dragon (Swamp:4)
  3 ogre magi (Orc:2)
  2 catoblepae
  4 ironbound frosthearts (Vaults:1)
  9 centaur warriors
  A radroach (Spider:4)
  5 boulder beetles
  4 alligators
  11 two-headed ogres
  10 dancing weapons
  5 demonic crawlers
  2 death yaks (Lair:5)
  8 deep elf knights
  Urug (D:12)
  Nergalle (Lair:2)
  6 fire crabs
  3 pharaoh ants
  2 skeletal warriors (D:14)
  3 skysharks
  2 goliath frogs
  A death drake (shapeshifter) (Elf:3)
  A spriggan rider (Swamp:3)
  6 wizards
  2 bog bodies
  2 sun moths
  2 orb spiders (Spider:1)
  2 spriggan druids (Swamp:3)
  A swamp dragon (shapeshifter) (Elf:2)
  6 deep elf archers
  4 ironbound convokers (Vaults:1)
  3 swamp dragons
  3 lindwurms (Vaults:1)
  17 deep elf pyromancers
  13 deep elf zephyrmancers
  3 necromancers
  4 orc knights
  4 steelbarb worms
  5 cyclopes
  7 wolf spiders
  An orc sorcerer (Orc:1)
  A manticore (D:12)
  14 ugly things
  8 elephants
  An apocalypse crab (D:13)
  An elephant (shapeshifter) (Elf:1)
  4 will-o-the-wisps
  A naga mage (D:15)
  10 black mambas
  3 vault sentinels (Vaults:1)
  7 cane toads
  2 gargoyles
  A cane toad (shapeshifter) (Elf:2)
  3 molten gargoyles (Lair:5)
  2 torpor snails (Spider:4)
  Maggie (D:6)
  3 centaur skeletons (D:15)
  A yaktaur (Vaults:1)
  An unseen horror (D:13)
  4 kobold demonologists
  An efreet (D:14)
  3 rime drakes
  14 komodo dragons
  3 freezing wraiths (Swamp:4)
  3 polar bears
  6 trolls
  A meliai (Spider:4)
  A bloated husk (Swamp:4)
  4 hornets
  A wolf spider simulacrum (D:14)
  2 tyrant leeches
  8 blink frogs
  6 tarantellas
  Grinder (D:3)
  12 slime creatures
  A jumping spider (shapeshifter) (D:13)
  A wraith (D:12)
  13 jumping spiders
  3 air elementals
  3 large abominations (Elf:1)
  4 spriggans
  A shadow (D:10)
  29 yaks
  4 water elementals
  9 culicivoras
  13 humans (D:14)
  A yak (shapeshifter) (D:15)
  3 wyverns
  Eustachio (D:5)
  3 fire elementals
  3 steam dragons
  A basilisk (shapeshifter) (Elf:3)
  4 basilisks
  4 swamp worm simulacra (Swamp:4)
  4 vampire mosquitoes
  11 redbacks
  4 wargs (D:11)
  8 water moccasins
  2 acid dragons
  7 hydra simulacra (Swamp:4)
  7 swamp worms
  4 hell hounds (Lair:5)
  5 swamp drakes
  A meliai simulacrum (D:15)
  18 orc warriors
  A sky beast (D:7)
  An ice beast (D:6)
  12 wolves
  A boggart (Vaults:1)
  20 ogres
  12 centaurs
  A phantom (D:5)
  2 kobold brigands
  An elf zombie (Elf:1)
  3 earth elementals
  10 bullfrogs
  2 gnoll sergeants
  3 scorpions
  4 wights
  8 killer bees
  7 howler monkeys
  An electric eel (D:8)
  3 lava snakes (Lair:5)
  A jelly (D:8)
  4 hounds
  2 gnoll boudas (D:8)
  10 orc priests
  2 sleepcaps (D:5)
  Crazy Yiuf (D:3)
  6 iguanas
  Terence (D:2)
  11 orc wizards
  Natasha (thrice) (D:2)
  20 gnolls
  7 adders
  A shadow imp (D:5)
  2 white imps (D:6)
  2 swamp drake simulacra (Swamp:4)
  An ufetubus (D:5)
  A dart slug (D:1)
  53 orcs
  7 endoplasms
  2 giant cockroaches
  12 goblins
  4 hobgoblins
  5 quokkas
  6 ball pythons
  7 bats
  4 frilled lizards
  25 kobolds
  7 rats
  A lurking horror (Swamp:4)
847 creatures vanquished.

Vanquished Creatures (collateral kills)
  A deep elf master archer (Elf:3)
  Kirke (Swamp:4)
  A fenstrider witch (Swamp:3)
  3 deep elf sorcerers (Elf:3)
  2 emperor scorpions
  A spark wasp (Spider:4)
  2 deep elf annihilators (Elf:3)
  A bunyip (Swamp:1)
  A deep elf death mage (Elf:1)
  An ettin (Swamp:1)
  An entropy weaver (shapeshifter) (Elf:2)
  A fire dragon (Lair:5)
  2 entropy weavers (Spider:4)
  2 deep elf high priests (Elf:3)
  An ice dragon (Swamp:4)
  6 hydras
  A shambling mangrove (Swamp:4)
  An ogre mage (Orc:2)
  2 jorogumos
  A spriggan air mage (Swamp:3)
  A radroach (Spider:4)
  2 ghost crabs (Swamp:3)
  An alligator (Swamp:3)
  2 dancing weapons
  5 boulder beetles
  2 death yaks (Lair:5)
  A two-headed ogre (Orc:2)
  3 demonic crawlers
  5 deep elf knights
  A fire crab (Lair:5)
  2 skeletal warriors (D:14)
  A sun moth (Spider:4)
  A spriggan rider (Swamp:3)
  2 bog bodies
  6 steelbarb worms
  4 deep elf archers
  3 orb spiders
  A wizard (D:14)
  8 deep elf pyromancers
  2 necromancers (Elf:1)
  2 ironbound convokers (Vaults:1)
  An orc sorcerer (Orc:2)
  13 deep elf zephyrmancers
  5 wolf spiders
  An ugly thing (D:14)
  A cyclops (D:12)
  5 elephants (Lair:5)
  A vault sentinel (Vaults:1)
  2 rime drakes
  2 cane toads (Lair:3)
  2 yaktaurs (Vaults:1)
  A freezing wraith (Swamp:4)
  A komodo dragon (Lair:5)
  3 tyrant leeches
  A bloated husk (Swamp:3)
  3 meliai (Spider:4)
  4 hornets
  2 blink frogs
  6 tarantellas
  7 jumping spiders
  3 slime creatures
  6 culicivoras
  2 spriggans (Swamp:1)
  A wyvern (Lair:5)
  A water elemental (Elf:2)
  4 humans (D:14)
  4 basilisks
  10 yaks
  A fire elemental (Elf:1)
  14 redbacks
  A swamp worm simulacrum (Swamp:4)
  4 vampire mosquitoes
  2 water moccasins (Lair:5)
  A large abomination (Elf:1)
  6 swamp worms
  7 hydra simulacra (Swamp:4)
  A swamp drake (Swamp:3)
  An orc warrior (Bailey)
  6 ogres (Orc:2)
  3 wolves (Lair:2)
  A centaur (D:12)
  3 elf zombies (Elf:1)
  A bullfrog (Lair:1)
  A killer bee (D:9)
  A howler monkey (D:12)
  A lava snake (Lair:5)
  2 orc priests
  A swamp drake simulacrum (Swamp:4)
  5 orcs
242 creatures vanquished.

Vanquished Creatures (others)
  A fenstrider witch (Swamp:3)
  A spectral storm dragon (Elf:3)
  A deep elf demonologist (Elf:3)
  A spectral human (Spider:4)
  A bunyip zombie (Swamp:4)
  An orb spider (Spider:4)
  3 ugly thing zombies
  A deep elf pyromancer (Elf:2)
  3 wolf spider zombies
  5 centaur zombies
  5 redback zombies
  An unseen horror zombie (D:13)
  A catoblepas zombie (D:14)
  3 swamp worm zombies
  3 bloated husks
  3 hydra zombies
  A sun moth zombie (Spider:2)
  A tarantella (Spider:4)
  A tyrant leech (Swamp:4)
  5 culicivora zombies
  3 tarantella zombies
  A great orb of eyes zombie (Vaults:1)
  7 jumping spider zombies
  2 culicivoras (Spider:4)
  4 black mamba zombies
  A human (Swamp:4)
  A basilisk (Lair:5)
  4 slime creature zombies (Vaults:1)
  A redback (Spider:4)
  A two-headed ogre zombie (Orc:2)
  A swamp worm (Swamp:4)
  A cane toad zombie (Elf:2)
  A hydra simulacrum (Swamp:4)
  An entropy weaver zombie (D:13)
  2 lindwurm zombies (Vaults:1)
  3 hornet zombies
  29 elf zombies
  A ghost crab zombie (Swamp:3)
  2 blink frog zombies
  4 elephant zombies
  3 vampire mosquito zombies
  A rime drake zombie (Lair:5)
  A fire crab zombie (D:13)
  2 yaktaur zombies (Vaults:1)
  3 komodo dragon zombies (Lair:5)
  5 water moccasin zombies
  A warg zombie (D:11)
  2 troll zombies (D:13)
  A polar bear zombie (Lair:5)
  8 yak zombies
  3 wolf zombies (Lair:1)
  2 basilisk zombies
  12 human zombies
  A boggart zombie (Vaults:1)
  4 killer bee zombies
  11 ogre zombies (Orc:2)
  A howler monkey zombie (D:9)
  A gnoll (D:8)
  A swamp drake zombie (Swamp:4)
  A lava snake zombie (Lair:5)
  An iguana zombie (Lair:2)
  3 orcs (Orc:1)
  A gnoll zombie (Bailey)
  A goblin zombie (Bailey)
  3 kobold zombies (Bailey)
  15 orc zombies
  10 foxfires
210 creatures vanquished.

Grand Total: 1299 creatures vanquished

Notes
Turn   | Place    | Note
-------+----------+-------------------------------------------
     0 | D:1      | sastreii the Merfolk Gladiator began the quest for the Orb.
     0 | D:1      | Reached XP level 1. HP: 16/16 MP: 1/1
    17 | D:1      | Found a faded altar of an unknown god.
   113 | D:1      | Reached XP level 2. HP: 23/23 MP: 2/2
   266 | D:1      | You fall into a shaft and drop 1 floor!
   287 | D:2      | Reached XP level 3. HP: 25/28 MP: 3/3
   941 | D:2      | Noticed Terence
   961 | D:2      | Killed Terence
   962 | D:2      | Reached XP level 4. HP: 12/35 MP: 4/4
  1121 | D:2      | Found a white marble altar of Elyvilon.
  1140 | D:2      | Noticed Natasha
  1153 | D:2      | Killed Natasha
  1154 | D:2      | Reached skill level 5 in Polearms
  1154 | D:2      | Reached skill level 1 in Armour
  1154 | D:2      | Reached skill level 5 in Dodging
  1207 | D:2      | Noticed Natasha
  1215 | D:2      | Killed Natasha
  1216 | D:2      | Reached XP level 5. HP: 33/41 MP: 5/5
  1271 | D:2      | Noticed Natasha
  1287 | D:2      | Killed Natasha
  1663 | D:3      | Found an opulent altar of Gozag.
  1733 | D:3      | Found Juruinur's Magic Scroll Emporium.
  1745 | D:3      | Bought a scroll of blinking for 75 gold pieces
  1745 | D:3      | Bought a scroll of identify for 20 gold pieces
  1745 | D:3      | Identified a scroll of acquirement
  1748 | D:3      | Acquired the scarf of Saanosh {+Inv, -Tele rF+ Str+7 SInv}
  1883 | D:3      | Found a runed translucent door.
  1884 | D:3      | Noticed Crazy Yiuf
  1934 | D:3      | Noticed Grinder
  1956 | D:3      | Killed Grinder
  1957 | D:3      | Reached skill level 6 in Polearms
  1957 | D:3      | Reached XP level 6. HP: 23/48 MP: 6/6
  1997 | D:3      | Acquired the +6 glaive "Gicafow" {freeze, SInv}
  2532 | D:3      | Killed Crazy Yiuf
  2533 | D:3      | Reached XP level 7. HP: 55/55 MP: 7/7
  2612 | D:4      | Found a sparkling altar of Nemelex Xobeh.
  2734 | D:4      | Found a shimmering blue altar of Sif Muna.
  2860 | D:4      | Reached skill level 5 in Fighting
  2899 | D:4      | Found a broken altar of Ashenzari.
  2942 | D:4      | Found a large runed translucent door.
  2942 | D:4      | Found a large runed translucent door.
  2977 | D:4      | Found a shimmering altar of Xom.
  3567 | D:4      | Reached skill level 7 in Polearms
  3694 | D:5      | Entered Level 5 of the Dungeon
  3757 | D:5      | Noticed Eustachio
  3778 | D:5      | Killed Eustachio
  3779 | D:5      | Reached XP level 8. HP: 62/62 MP: 8/8
  3815 | D:5      | Found an ancient bone altar of Kikubaaqudgha.
  3818 | D:5      | Found a blossoming altar of Fedhas.
  3947 | D:5      | Found a hazy altar of Hepliaklqana.
  4230 | D:6      | Reached skill level 8 in Polearms
  4397 | D:6      | Identified the +4 whip "Kouteyng" {spect, Dex+2}
  4472 | D:6      | Noticed Maggie
  4478 | D:6      | Killed Maggie
  4479 | D:6      | Reached skill level 9 in Polearms
  4479 | D:6      | Reached XP level 9. HP: 45/69 MP: 9/9
  4749 | D:6      | Found a staircase to the Ecumenical Temple.
  4758 | Temple   | Entered the Ecumenical Temple
  5074 | D:7      | Found Okhloolos's Antique Armour Emporium.
  5095 | D:7      | Reached skill level 10 in Polearms
  5576 | D:8      | Found a hide-covered altar of Uskayaw.
  5623 | D:8      | Reached skill level 11 in Polearms
  5635 | D:8      | Reached XP level 10. HP: 37/79 MP: 10/10
  5666 | D:8      | Noticed a kobold demonologist
  5672 | D:8      | Killed a kobold demonologist
  5678 | D:8      | Noticed a catoblepas
  5690 | D:8      | Killed a catoblepas
  5691 | D:8      | Reached skill level 12 in Polearms
  5830 | D:8      | Found a staircase to the Lair.
  5932 | D:8      | Reached skill level 5 in Armour
  5959 | D:8      | Found a basalt altar of Yredelemnul.
  6102 | D:8      | Became a worshipper of Yredelemnul the Dark
  6265 | D:9      | Reached * piety under Yredelemnul
  6267 | D:9      | Reached skill level 10 in Dodging
  6296 | D:9      | Reached skill level 1 in Invocations
  6296 | D:9      | Reached skill level 1 in Evocations
  6461 | D:9      | Found a flagged portal.
  6552 | Bailey   | Entered a bailey
  6585 | Bailey   | Noticed an orc knight
  6628 | Bailey   | Killed an orc knight
  7157 | D:9      | Reached ** piety under Yredelemnul
  7201 | D:10     | Entered Level 10 of the Dungeon
  7201 | D:10     | Noticed a two-headed ogre
  7201 | D:10     | Found a shimmering altar of Xom.
  7206 | D:10     | Killed a two-headed ogre
  7207 | D:10     | Reached skill level 13 in Polearms
  7207 | D:10     | Reached XP level 11. HP: 67/87 MP: 11/13
  7218 | D:10     | Noticed a centaur warrior
  7223 | D:10     | Killed a centaur warrior
  7523 | D:10     | Noticed a deep elf pyromancer
  7536 | D:10     | Killed a deep elf pyromancer
  7765 | D:10     | Identified the staff of Resumed Hostilities {rN+ Dex+3
                  | Necro}
  8197 | Lair:1   | Entered Level 1 of the Lair of Beasts
  8334 | Lair:1   | Reached skill level 14 in Polearms
  8535 | Lair:1   | Reached *** piety under Yredelemnul
  8583 | Lair:1   | Reached XP level 12. HP: 86/95 MP: 15/15
  8584 | Lair:1   | Reached **** piety under Yredelemnul
  8602 | Lair:1   | Found an opulent altar of Gozag.
  8638 | Lair:1   | Reached ***** piety under Yredelemnul
  9094 | Lair:1   | Reached skill level 5 in Invocations
  9173 | Lair:2   | Noticed a skyshark
  9179 | Lair:2   | Killed a skyshark
  9188 | Lair:2   | Found a staircase to the Swamp.
  9282 | Lair:2   | Reached skill level 15 in Polearms
  9435 | Lair:2   | You fall into a shaft and drop 2 floors!
  9462 | Lair:4   | Reached skill level 5 in Evocations
  9515 | Lair:4   | Found a dark tunnel.
  9832 | Lair:4   | Noticed a skyshark
  9838 | Lair:4   | Killed a skyshark
  9839 | Lair:4   | Reached skill level 10 in Fighting
 10775 | Lair:3   | Reached XP level 13. HP: 88/103 MP: 17/17
 10834 | Lair:3   | Reached skill level 16 in Polearms
 10851 | Lair:3   | Found a hole to the Spider Nest.
 11264 | Lair:2   | Noticed Nergalle
 11279 | Lair:2   | Killed Nergalle
 11875 | Lair:5   | Entered Level 5 of the Lair of Beasts
 12007 | Lair:5   | Found a runed translucent gate.
 12007 | Lair:5   | Found a runed translucent gate.
 12007 | Lair:5   | Found a runed translucent gate.
 12009 | Lair:5   | Noticed KimchiStew's ghost (journeyman HuHu)
 12032 | Lair:5   | Reached skill level 17 in Polearms
 12235 | Lair:5   | Reached XP level 14. HP: 112/113 MP: 19/19
 12319 | Lair:5   | Reached ****** piety under Yredelemnul
 12606 | Lair:5   | Found a viscous altar of Jiyva.
 12612 | Lair:5   | Found a staircase to the Slime Pits.
 12829 | Lair:5   | Found a large runed translucent door.
 12829 | Lair:5   | Found a large runed translucent door.
 13496 | D:11     | Reached skill level 18 in Polearms
 13627 | D:11     | Found a staircase to the Orcish Mines.
 13932 | D:11     | Found a corrupted altar of Lugonu.
 14421 | D:11     | Identified the +4 war axe of Risk Management {flame, Int+3}
 14519 | Orc:1    | Entered Level 1 of the Orcish Mines
 14524 | Orc:1    | Paralysed by an orc sorcerer for 2 turns
 14816 | Orc:2    | Entered Level 2 of the Orcish Mines
 14816 | Orc:2    | Found a staircase to the Elven Halls.
 14996 | Orc:2    | Reached XP level 15. HP: 43/120 MP: 18/21
 15029 | Orc:2    | Found Naintami's Distillery.
 15029 | Orc:2    | Found Lydghova's Antique Armour Shop.
 15030 | Orc:2    | Found Tiehin's Distillery.
 15030 | Orc:2    | Found Tigawof's Jewellery Emporium.
 15037 | Orc:2    | Bought a potion of heal wounds for 60 gold pieces
 15037 | Orc:2    | Bought a potion of degeneration for 12 gold pieces
 15037 | Orc:2    | Bought a potion of heal wounds for 60 gold pieces
 15038 | Orc:2    | Bought 2 potions of heal wounds for 180 gold pieces
 15038 | Orc:2    | Bought a potion of cancellation for 144 gold pieces
 15040 | Orc:2    | Bought a shimmering helmet for 285 gold pieces
 15040 | Orc:2    | Identified the +0 helmet of the Stained God {*Corrode
                  | +Blink Int+5 SInv} (You bought it in a shop on level 2 of
                  | the Orcish Mines)
 15163 | Orc:2    | Found Ycicoadgh's Jewellery Emporium.
 15640 | D:12     | Reached skill level 19 in Polearms
 15964 | D:12     | Noticed Urug
 15976 | D:12     | Killed Urug
 16153 | D:13     | Found a runed translucent door.
 16503 | D:13     | Found a runed translucent gate.
 16504 | D:13     | Found a runed translucent gate.
 16505 | D:13     | Found a runed translucent gate.
 16506 | D:13     | Found an ancient bone altar of Kikubaaqudgha.
 16506 | D:13     | Noticed Thantalas's ghost (journeyman GnEE)
 16507 | D:13     | Noticed a lich
 16507 | D:13     | Noticed Reshi88's ghost (journeyman FoFi)
 16507 | D:13     | Noticed a lich
 16507 | D:13     | Noticed a lich
 17208 | D:14     | Found a shadowy altar of Dithmenos.
 17253 | D:14     | Reached skill level 15 in Dodging
 17672 | D:14     | Reached skill level 10 in Invocations
 17713 | D:14     | Found a gate to the Vaults.
 17727 | D:14     | Reached skill level 20 in Polearms
 17968 | D:14     | Found a large runed translucent door.
 17968 | D:14     | Found a large runed translucent door.
 18138 | D:14     | Noticed Louise
 18167 | D:14     | Killed Louise
 18167 | D:14     | Enslaved Louise
 18176 | D:14     | Reached XP level 16. HP: 27/129 MP: 15/23
 18309 | D:15     | Entered Level 15 of the Dungeon
 18669 | D:15     | Found a sacrificial altar of Ru.
 19320 | D:15     | Found a staircase to the Depths.
 19953 | Spider:1 | Entered Level 1 of the Spider Nest
 20710 | Spider:2 | Reached skill level 10 in Evocations
 21059 | Spider:3 | Reached skill level 21 in Polearms
 21207 | Spider:3 | Noticed Koushar's ghost (journeyman FeTm)
 21210 | Spider:3 | Found a runed translucent door.
 21252 | Spider:3 | Killed Koushar's ghost
 21743 | Spider:4 | Entered Level 4 of the Spider Nest
 21753 | Spider:4 | Reached skill level 1 in Stealth
 21847 | Spider:4 | Noticed Nikola
 21875 | Spider:4 | Reached XP level 17. HP: 137/138 MP: 25/25
 21878 | Spider:4 | Noticed Bai Suzhen
 21893 | Spider:4 | Your ally Louise died
 21904 | Spider:4 | Killed Bai Suzhen
 21904 | Spider:4 | Enslaved Bai Suzhen
 22151 | Spider:4 | Killed Nikola
 22793 | Spider:4 | Got a gossamer rune of Zot
 22798 | Spider:4 | Identified the -1 barding "Kyemuat" {Int+2}
 23065 | Swamp:1  | Entered Level 1 of the Swamp
 23189 | Swamp:1  | Found a runed translucent door.
 23190 | Swamp:1  | Noticed esper6's ghost (journeyman GnNe)
 23207 | Swamp:1  | Killed esper6's ghost
 23215 | Swamp:1  | Reached skill level 22 in Polearms
 23225 | Swamp:1  | Identified the ring of Rauclel {rN+ Str-5 Int+2 SInv}
 23240 | Swamp:1  | Identified the +0 leather armour of Doomed Curiosity {Will+
                  | rCorr}
 23564 | Swamp:2  | Found a hazy altar of Hepliaklqana.
 23788 | Swamp:2  | Identified the +4 mace of Inflation {heavy, Str+2 Dex+2}
 24068 | Swamp:3  | Reached skill level 5 in Stealth
 24353 | Swamp:3  | Identified the amulet of Fulic {Spirit rN+ SInv}
 24375 | Swamp:3  | Reached XP level 18. HP: 131/147 MP: 27/27
 25122 | Swamp:4  | Entered Level 4 of the Swamp
 25203 | Swamp:4  | Found a one-way gate to the infinite horrors of the Abyss.
 25203 | Swamp:4  | Found a corrupted altar of Lugonu.
 25407 | Swamp:4  | Noticed Kirke
 25414 | Swamp:4  | Killed Kirke
 25971 | Swamp:4  | Identified the +5 ring mail of Botzub {Regen+ Str+3}
 26002 | Swamp:4  | Got a decaying rune of Zot
 26241 | Elf:1    | Entered Level 1 of the Elven Halls
 26294 | Elf:1    | Reached skill level 23 in Polearms
 26427 | Elf:1    | Got the Elucidation of Profane Mysteries
 26471 | Elf:1    | Found a radiant altar of Vehumet.
 26582 | Elf:1    | Reached skill level 15 in Fighting
 26693 | Elf:1    | Found Wuximaef's General Store.
 26711 | Elf:1    | Bought a potion of resistance for 140 gold pieces
 27488 | Elf:2    | Found a runed translucent gate.
 27488 | Elf:2    | Found a runed translucent gate.
 27488 | Elf:2    | Found a runed translucent gate.
 27954 | Elf:3    | Entered Level 3 of the Elven Halls
 28085 | Elf:3    | Reached XP level 19. HP: 112/155 MP: 28/28
 28161 | Elf:3    | Paralysed by an air elemental for 1 turns
 28321 | Elf:3    | Found a frozen archway.
 28611 | Elf:3    | Paralysed by an air elemental for 1 turns
 28870 | Elf:3    | Identified the +8 scimitar of Oozing Pus {elec, rPois Int+2
                  | Stlth+}
 28876 | Elf:3    | Identified the +2 acid dragon scales "Sanevacs" {rF+ rCorr
                  | SInv Stlth-}
 28899 | Elf:3    | Reached skill level 24 in Polearms
 28902 | Elf:3    | Identified the ring of Foseurej {Fly Str+2 Int+3 Stlth-}
 28935 | Elf:3    | Your ally Bai Suzhen died
 29175 | Elf:3    | Identified the ring "Faceurre" {rPois rF+ Will+ Int-5
                  | Dex+2}
 29199 | Elf:3    | Identified the +5 orcbow "Hydraslayer" {antimagic, rC+ rN++
                  | Str+4}
 29270 | Elf:3    | Identified the +0 chain mail "Lebus" {rF+ Int+3}
 29279 | Elf:3    | Identified the staff of Impermanence {rElec rF+ Air}
 29612 | Vaults:1 | Entered Level 1 of the Vaults
 29643 | Vaults:1 | Found Qaolol's General Store.
 29651 | Vaults:1 | Bought a wand of iceblast (4) for 163 gold pieces
 29683 | Vaults:1 | Identified the +0 robe "Nooryara" {rC- Int+4}
 30258 | Vaults:1 | Noticed a tentacled monstrosity
 30258 | Vaults:1 | Identified the ring of the Grand God {rN+ Dex+2}
 30271 | Vaults:1 | Killed a tentacled monstrosity
 30299 | Vaults:1 | HP: 2/157 [ironbound preserver simulacrum[a necromancer]
                  | (34)]
 30300 | Vaults:1 | Identified the ring "Verek" {rC+ Str+6}
 30300 | Vaults:1 | Mangled by an ironbound frostheart simulacrum

Illustrated notes

Levels and vault maps discovered:
D:1:      saegor_arrival_simple_b, layout_rooms, basic_ecumenical_altar
D:2:      layout_basic, basic_altar, grunt_ministairs_6, uniq_terence,
          uniq_natasha
D:3:      minmay_razor_zed, layout_basic, grunt_gozag_breadcrumbs, serial_shops,
          shop, uniq_crazy_yiuf_cottage, uniq_grinder
D:4:      due_chaos_kobolds, layout_basic, mainiacjoe_overflow_tiny_flanked,
          amcnicky_altar_gilded, old_standard_altar
D:5:      layout_rooms, grunt_temple_overflow_growth_and_decay,
          nicolae_hepliaklqana_hippocampus, uniq_eustachio
D:6:      layout_loops_ring, minmay_temple_entry_nine_rooms, uniq_maggie
D:7:      layout_basic, serial_shops, shop, hellmonk_bongcloud_opening
D:8:      layout_cave_pools, nicolae_uskayaw_murder_on_the_dancefloor,
          overflow_temple_1_default, lair_entry_dummy, amcnicky_mini_pool_medium
D:9:      layout_roguey, enter_bailey_8
D:10:     layout_grid_maze, xom_teletrap_fun
D:11:     kennysheep_kobold_lugonu_temple, layout_grid_maze,
          minmay_orc_entry_guard_dogs
D:12:     layout_irregular_city, uniq_urug
D:13:     gammafunk_mikee_crab_dinner, layout_irregular_city,
          gammafunk_ghost_crypt, glass_columns_a
D:14:     layout_loops_ring, grunt_vaults_entry_tiered,
          nicolae_dithmenos_the_darkroom, lightli_elemental_guards, uniq_louise
D:15:     grunt_enter_depths_magical_seal, layout_layer_cave, special_room
          [special_room_orc], nicolae_ru_sacrificial_ziggurat
Temple:   nicolae_temple_godzebo
Lair:1:   layout_cave_pods, basic_altar, lemuel_fruit_tree
Lair:2:   layout_regular_city, minmay_swamp_entry_reptiles,
          nicolae_lair_run_with_the_wolves, serial_bayou_shore_b, uniq_nergalle
Lair:3:   layout_regular_city, spider_nest_entry_rubble,
          infiniplex_staircase_pool_2, grunt_megastairs_5
Lair:4:   wander_river, layout_cave_pods, nicolae_volcano_entry_lava_flow
Lair:5:   cheibrodos_lair_end_hotspot, layout_cellular_growth,
          minmay_slime_entry_oklob_enclosed, gammafunk_ghost_hydra_chop,
          hibernation_bobbens
Swamp:1:  layout_basic_swamp, gammafunk_ghost_grave,
          evilmike_swamp_ruin_rubble_1, infiniplex_staircase_pool
Swamp:2:  layout_basic_swamp, lemuel_altar_in_water
Swamp:3:  nzn_winding_woodlands_cross [nzn_winding_woodlands_5x15_crooked,
          nzn_winding_woodlands_5x15_river_crossing,
          nzn_winding_woodlands_5x15_garden, nzn_winding_woodlands_5x15_eye,
          nzn_winding_woodlands_15x15_witchcraft], layout_falls_marsh,
          hangedman_swamp_ruin_wall, swamp_pool5
Swamp:4:  swamp_icy, layout_basic_swamp, amcnicky_altar_lugonu_corruption,
          uniq_kirke
Spider:1: layout_spider_delve
Spider:2: layout_spider_delve
Spider:3: layout_spider_delve, hellmonk_ghost_happy_afterlife,
          hellmonk_narrow_tunnel
Spider:4: hellmonk_spider_rune_bug_friends, dreamdust_wasp_nest, uniq_nikola,
          uniq_bai_suzhen
Orc:1:    layout_diamond_mine
Orc:2:    st_orc_ogre_mass, layout_caves, serial_shops, nicolae_shop_waterfront,
          basic_altar
Elf:1:    minmay_elf_arrival_plus, layout_loops_cross, basic_altar,
          serial_shops, nicolae_shop_hallway_stairs, minmay_elf_necromancy
Elf:2:    elven_hall_of_blades_hangedman_original [mumra_blade_entry_dagger],
          layout_onion_city, serial_sigils_hangedman_snap
Elf:3:    minmay_elf_hall_x, layout_onion_city, portal_ice_cave_entry_pillars_1
Vaults:1: nicolae_vaults_little_squares_5, nicolae_vaults_door_testing_chamber,
          v_alt_pattern_2, v_misc_22, nicolae_vaults_storing_the_good_stuff,
          vaults_room_grunt_arrival_ludios, nicolae_vaults_cornered_office,
          vaults_room_pool, nicolae_vaults_double_plus_1,
          nicolae_vaults_tangram_2, nicolae_vaults_storage_closets_3,
          nicolae_vaults_apartment_1, hangedman_vaults_restitches, v_misc_23,
          vaults_dpeg_emergency_exit, nicolae_vaults_trapezoid_lopsided_2,
          layout_vaults_maze, serial_shops, shop

Skill      XL: |  1  2  3  4  5  6  7  8  9 10 11 12 13 14 15 16 17 18 19 |
---------------+----------------------------------------------------------+-----
Fighting       | 3 4 5 6 7 8 9 10 11 12 13 14 15 16 | 16.0
Polearms       | 5 6 7 9 11 13 14 15 17 18 20 21 22 23 24 | 24.6
Armour         | 1 2 3 4 5 6 7 8 9 |  9.5
Dodging        | 5 6 7 8 9 10 11 12 13 14 15 16 17 18 | 18.7
Invocations    | 2 4 6 7 9 10 11 12 13 | 13.7
Evocations     | 2 4 5 7 8 9 10 11 12 | 12.7
Stealth        | 1 5 7 9 |  9.4
Throwing       | |  2.0

Action                     |  1- 3 |  4- 6 |  7- 9 | 10-12 | 13-15 | 16-18 | 19-21 || total
---------------------------+-------+-------+-------+-------+-------+-------+-------++-------
  Melee: Trident           |   116 |    74 |       |       |       |       |       ||   190
         Punch             |     2 |       |       |       |       |       |       ||     2
         Halberd           |       |    30 |       |       |       |       |       ||    30
         Glaive            |       |    21 |   201 |   415 |   732 |   900 |   239 ||  2508
         Tailslap          |       |       |       |     4 |       |    32 |     1 ||    37
  Throw: Throwing net      |       |     1 |       |     2 |       |       |       ||     3
 Invoke: Dark Bargain      |       |       |       |     1 |     2 |     2 |     2 ||     7
         Bind Soul         |       |       |       |       |     2 |     1 |       ||     3
         Recall Undead Har |       |       |       |       |     1 |    16 |     6 ||    23
         Drain Life        |       |       |       |       |     1 |     1 |     2 ||     4
  Evoke: Wand              |       |       |       |       |    22 |    11 |     7 ||    40
         Phial of floods   |       |       |       |       |       |     1 |       ||     1
    Use: Scroll            |       |     6 |     6 |     6 |    12 |    12 |     5 ||    47
         Potion            |       |     1 |       |       |     4 |     5 |     5 ||    15
   Stab: Sleeping          |     1 |       |       |       |       |     2 |     5 ||     8
         Held in net/web   |       |     2 |       |     1 |       |       |       ||     3
         Fleeing           |       |     1 |       |       |       |       |       ||     1
         Distracted        |       |       |       |     6 |    14 |    18 |     3 ||    41
         Invisible         |       |       |       |       |     4 |     2 |     2 ||     8
 Armour: Leather armour    |     7 |       |       |       |       |       |       ||     7
         Scale mail        |    56 |    48 |    37 |    88 |   141 |   133 |       ||   503
         Ring mail         |       |       |       |       |       |    36 |    32 ||    68
  Dodge: Dodged            |    80 |    62 |   185 |   337 |   514 |   411 |    77 ||  1666

Table legend: (Time is in decaauts)
 A = Elapsed time spent in this place.
 B = Non-inter-level travel time spent in this place.
 C = Inter-level travel time spent in this place.
 D = Time resting spent in this place.
 E = Time spent auto-exploring this place.
 F = Levels seen in this place.
 G = Mean time per level.
                   A        B        C        D        E       F      G
               +--------+--------+--------+--------+--------+-----+--------+
         Total |  29482 |  26499 |   2983 |    773 |  19662 |  36 |  818.9 |
       Dungeon |  13751 |  12500 |   1251 |     77 |  10077 |  15 |  916.7 |
        Temple |    131 |    116 |     15 |      0 |     86 |   1 |  131.0 |
          Lair |   5344 |   4791 |    553 |      0 |   3890 |   5 | 1068.8 |
         Swamp |   2644 |   2435 |    209 |    290 |   1468 |   4 |  661.0 |
   Spider Nest |   2914 |   2644 |    270 |    406 |   1572 |   4 |  728.5 |
  Orcish Mines |    940 |    732 |    208 |      0 |    539 |   2 |  470.0 |
   Elven Halls |   2805 |   2331 |    474 |      0 |   1441 |   3 |  935.0 |
        Vaults |    722 |    722 |      0 |      0 |    500 |   1 |  722.0 |
        Bailey |    226 |    226 |      0 |      0 |     86 |   1 |  226.0 |
               +--------+--------+--------+--------+--------+-----+--------+

Top non-repeatable levels by time:
   Elf:3: 1431 daAuts
    D:11: 1375 daAuts
    D:15: 1373 daAuts
  Lair:5: 1332 daAuts
    D:14: 1276 daAuts
     D:2: 1116 daAuts
     D:4: 1102 daAuts
    D:10: 1099 daAuts
  Lair:1: 1079 daAuts
  Lair:2: 1034 daAuts
Spider:3: 1011 daAuts
 Swamp:3: 1002 daAuts
     D:3: 985 daAuts
  Lair:4: 983 daAuts
    D:13: 936 daAuts
